 Dungeon Crawl Stone Soup version 0.23.0 (webtiles) character file.

Game seed: 12837630731341994841

1499 Kairos the Chopper (level 8, -3/42 HPs)
             Began as a Vine Stalker Fighter on Feb 12, 2019.
             Slain by a wyvern zombie (8 damage)
             ... on level 6 of the Dungeon.
             The game lasted 00:13:08 (5153 turns).

Kairos the Chopper (Vine Stalker Fighter)           Turns: 5153, Time: 00:13:08

Health: -3/42      AC: 10    Str: 26    XL:     8   Next: 81%
Magic:  0/9        EV:  7    Int:  8    God:
Gold:   307        SH: 10    Dex: 14    Spells: 7/7 levels left

rFire    + . .     SeeInvis .   a - +2 war axe
rCold    . . .     Gourm    .   c - +0 shield
rNeg     . . .     Faith    .   g - +0 chain mail
rPois    .         Spirit   +   (no helmet)
rElec    .         Reflect  .   i - +0 cloak {MR+}
rCorr    .         Harm     .   (no gloves)
MR       +++..                  (no boots)
Stlth    ..........             (no amulet)
HPRegen  0.54/turn              l - ring of protection from fire
MPRegen  0.11/turn              r - ring of protection from magic

@: mighty, lightly drained
A: fangs 3, regeneration 1, magic shield, antimagic bite, no potion heal 3, rot
immunity
a: no special abilities


You were on level 6 of the Dungeon.
You were very hungry.

You visited 1 branch of the dungeon, and saw 6 of its levels.
You also visited: Sewer.

You collected 307 gold pieces.

Inventory:

Hand Weapons
 a - a +2 war axe (weapon)
 w - a +0 blowgun
Missiles
 u - 5 tomahawks (quivered)
 v - 9 needles of sleeping
 x - 66 poisoned needles
Armour
 c - a +0 shield (worn)
 g - a +0 chain mail (worn)
 i - a +0 cloak of magic resistance (worn)
Jewellery
 b - an uncursed ring of stealth
 l - a ring of protection from fire (left hand)
 m - a +2 ring of intelligence
 r - a ring of protection from magic (right hand)
 G - an uncursed ring of ice
Wands
 y - a wand of flame (32)
 D - a wand of acid (6)
 F - a wand of iceblast (11)
Scrolls
 e - 2 scrolls of teleportation {unknown}
 k - a scroll of noise {unknown}
 n - a scroll of enchant armour {unknown}
 p - a scroll of amnesia {unknown}
 q - 3 scrolls of magic mapping
 s - a scroll of fog
 H - a scroll of random uselessness {unknown}
 I - a scroll of blinking
Potions
 d - 2 potions of curing {unknown}
 h - 2 potions of brilliance
 j - 6 potions of heal wounds {unknown}
 o - a potion of resistance {unknown}
 t - 3 potions of cancellation {unknown}
 z - 2 potions of mutation {unknown}
 A - a potion of might
 B - a potion of flight {unknown}
 C - a potion of lignification {unknown}
 E - a potion of invisibility
 J - 2 potions of haste {unknown}
 K - a potion of magic
Comestibles
 f - 10 rations


   Skills:
 + Level 4.3(3.9) Fighting
 + Level 6.5(6.2) Axes
 + Level 1.1(0.8) Throwing
 + Level 4.7(4.4) Armour
 + Level 1.8(1.5) Dodging
 + Level 0.5(0.2) Stealth
 + Level 4.6(4.3) Shields


You had 7 spell levels left.
You didn't know any spells.
Your spell library contained the following spells:

 Spells                   Type           Power        Failure   Level  Hunger
 Confusing Touch          Hex            #.....       100%        1    ##.....
 Confuse                  Hex            #.......     100%        3    ####...
 Gell's Gravitas          Tloc           #.........   100%        3    ####...
 Petrify                  Tmut/Erth      #.......     100%        4    #####..
 Metabolic Englaciation   Hex/Ice        #.........   100%        5    ######.
 Yara's Violent Unravell  Hex/Tmut       #.........   100%        5    ######.


Dungeon Overview and Level Annotations

Branches:
Dungeon (6/15)
 Temple: D:4-7

Altars:
Kikubaaqudgha
Sif Muna

Annotations:
D:6 2 transporters, Nr616's ghost, novice MiBe


Innate Abilities, Weirdness & Mutations

You have razor-sharp teeth.
Your natural rate of healing is unusually fast.
When hurt, damage is shared between your health and your magic reserves.
Your bite disrupts and absorbs the magic of your enemies.
Potions cannot restore your health.
You are immune to rotting.


Message History

The arrow barely misses you. You block the wyvern zombie's attack.
The centaur shoots an arrow.
You block the arrow.
You see here an arrow.
You barely miss the wyvern zombie. You bite the wyvern zombie.
You drain its power.
You feel invigorated.
The wyvern zombie is lightly damaged.
You block the wyvern zombie's attack. The wyvern zombie bites you!
* * * LOW HITPOINT WARNING * * *
You hit the wyvern zombie.
The wyvern zombie is lightly damaged.
The wyvern zombie bites you.
* * * LOW HITPOINT WARNING * * *
The wyvern zombie bites you!
* * * LOW HITPOINT WARNING * * *
You feel very mighty all of a sudden.
The wyvern zombie bites you but does no damage.
Your shield and chain mail prevent you from hitting the wyvern zombie.
The wyvern zombie is lightly damaged.
The wyvern zombie barely misses you. The wyvern zombie bites you!
You die...

##.... #. # ##..... ..
.......###. ........?.
#.......> ........#
.......c# ...##.#Z## #
#@.# ...# #..## . ....#
#...####...
.....###......... ^.....
##.(##...## .....
......###........# ....
..........#......####...
..........##......#.....
.........###....#.......


You could see a centaur and a wyvern zombie.

Vanquished Creatures
  Grinder (Sewer)
  A phantom (D:4)
  An ogre (D:6)
  A centaur (D:5)
  2 big kobolds (Sewer)
  A howler monkey (D:4)
  3 crimson imps
  2 hounds
  A quasit (Sewer)
  An orc wizard (D:6)
  Ijyb (D:5)
  Natasha (thrice) (D:3 D:2 D:1)
  An iguana (D:4)
  5 worker ants
  A killer bee zombie (D:6)
  A big kobold zombie (Sewer)
  A howler monkey skeleton (D:6)
  8 adders
  7 gnolls
  5 shadow imps
  4 ufetubi (Sewer)
  4 oozes
  2 adder skeletons
  2 worms
  2 dart slugs
  3 leopard geckos
  4 orcs
  12 bats
  10 giant cockroaches
  4 hobgoblins
  29 kobolds
  3 quokkas
  4 ball pythons
  4 frilled lizards
  12 goblins
  A jackal skeleton (D:4)
  A kobold zombie (Sewer)
  A quokka skeleton (D:5)
  8 rats
157 creatures vanquished.

Vanquished Creatures (others)
  2 kobold zombies (Sewer)
2 creatures vanquished.

Grand Total: 159 creatures vanquished

Notes
Turn   | Place    | Note
-------+----------+-------------------------------------------
     0 | D:1      | Kairos the Vine Stalker Fighter began the quest for the
                  | Orb.
     0 | D:1      | Reached XP level 1. HP: 11/11 MP: 2/2
    89 | D:1      | Reached XP level 2. HP: 10/16 MP: 3/3
   221 | D:1      | Reached skill level 2 in Axes
   467 | D:1      | Reached XP level 3. HP: 20/20 MP: 4/4
   915 | D:2      | HP: 1/20 [adder (1)]
   917 | D:2      | Gained mutation: Your natural rate of healing is unusually
                  | fast. [Vine Stalker growth]
   917 | D:2      | Reached XP level 4. HP: 2/24 MP: 0/5
  1321 | D:2      | Reached XP level 5. HP: 28/28 MP: 6/6
  1395 | D:3      | Noticed an ice beast
  1740 | D:3      | Found a deep blue altar of Sif Muna.
  1741 | D:3      | Found an ancient bone altar of Kikubaaqudgha.
  1861 | D:3      | HP: 1/28 [ice beast (12)]
  1874 | D:3      | Noticed Natasha
  2065 | D:3      | Reached skill level 3 in Axes
  2344 | D:3      | Killed Natasha
  2439 | D:3      | Noticed Natasha
  2451 | D:2      | Killed Natasha
  2476 | D:2      | Noticed Natasha
  2499 | D:1      | Killed Natasha
  2499 | D:1      | Reached skill level 1 in Dodging
  2499 | D:1      | Reached XP level 6. HP: 15/32 MP: 3/7
  2823 | D:4      | Reached skill level 1 in Throwing
  2973 | D:4      | Found a glowing drain.
  3018 | Sewer    | Entered a sewer
  3397 | Sewer    | Noticed Grinder
  3420 | Sewer    | Reached skill level 4 in Axes
  3420 | Sewer    | Reached XP level 7. HP: 30/37 MP: 6/8
  3425 | Sewer    | Killed Grinder
  3442 | Sewer    | Found a burning altar of Makhleb.
  3540 | Sewer    | Reached skill level 5 in Axes
  3917 | D:4      | Gained mutation: You have razor-sharp teeth. [Vine Stalker
                  | growth]
  3917 | D:4      | Reached XP level 8. HP: 42/42 MP: 9/9
  4142 | D:5      | Entered Level 5 of the Dungeon
  4589 | D:5      | Reached skill level 6 in Axes
  4700 | D:5      | Noticed Ijyb
  4711 | D:5      | Killed Ijyb
  4927 | D:6      | Noticed Nr616's ghost (novice MiBe)
  4928 | D:6      | Found a transporter.
  4928 | D:6      | Found a transporter.
  5153 | D:6      | Slain by a wyvern zombie

Skill      XL: |  1  2  3  4  5  6  7  8 |
---------------+-------------------------+-----
Fighting       | 3 4 |  4.3
Axes           | 2 3 4 5 6 |  6.5
Shields        | 3 4 |  4.6
Armour         | 3 4 |  4.7
Dodging        | 1 |  1.8
Throwing       | 1 |  1.1
Stealth        | |  0.5

Action                   |  1- 3 |  4- 6 |  7- 9 || total
-------------------------+-------+-------+-------++-------
Melee: War axe           |   114 |   192 |   151 ||   457
       Bite              |    23 |    51 |    45 ||   119
Throw: Tomahawk          |       |     3 |       ||     3
  Use: Potion            |     3 |     1 |     1 ||     5
       Scroll            |       |     7 |       ||     7
  Eat: Chunk             |       |     8 |     2 ||    10
       Ration            |       |       |     1 ||     1
Armor: Scale mail        |    45 |    58 |       ||   103
       Chain mail        |       |    48 |    97 ||   145
Dodge: Dodged            |    43 |    53 |    40 ||   136
Block: Shield            |    58 |    99 |    98 ||   255
